 Dungeon Crawl Stone Soup version 0.32-a0-986-ga09f62fbf4 (webtiles) character file.

Game seed: 11522442761260493844

5338 Dylgear the Cleaver (level 10, -8/115 HPs)
             Began as a Coglin Fighter on Apr 21, 2024.
             Was a Priest of Wu Jian.
             Mangled by a yak (10 damage)
             ... on level 9 of the Dungeon.
             The game lasted 00:30:26 (10717 turns).

Dylgear the Cleaver (Coglin Fighter)               Turns: 10717, Time: 00:30:26

Health: -8/115     AC: 25    Str: 18    XL:     10   Next: 65%
Magic:  10/10      EV:  2    Int:  8    God:    Wu Jian [***...]
Gold:   238        SH:  0    Dex: 16    Spells: 9/9 levels left

rFire   . . .        a - +1 war axe {Kun}
rCold   . . .        n - +2 flail {Myungok}
rNeg    . . .        k - melded +0 plate armour
rPois   +            l - melded +0 helmet
rElec   .            f - melded +1 cloak
rCorr   .            m - melded +0 pair of gloves
SInv    .            b - melded +0 pair of boots
Will    .....        (amulet unavailable)
Stlth   ++           (ring unavailable)
HPRegen 0.39/turn    (ring unavailable)
MPRegen 0.12/turn    (no gizmo)

%: no passive effects
@: tree-form, studying Axes, revved
A: stationary, stasis, torment immunity, boosted hp, off-hand wielding, slow
wielding, warmup strikes, no jewellery
a: Invent Gizmo, Renounce Religion, Wall Jump, Serpent's Lash


You were on level 9 of the Dungeon.
You worshipped Wu Jian.
Wu Jian was most pleased with you.
You were a tree.
You visited 2 branches of the dungeon, and saw 10 of its levels.
You also visited: Ossuary.

You collected 436 gold pieces.
You spent 198 gold pieces at shops.

Inventory:

Hand Weapons
 a - a +1 war axe (weapon) {Kun}
 e - a +6 halberd
 n - a +2 flail (offhand) {Myungok}
 v - a +0 whip
 C - a +2 short sword of draining
Missiles
 E - 3 boomerangs (quivered)
 H - 6 javelins
Armour
 b - a +0 pair of boots (melded)
 c - a +0 buckler
 f - a +1 cloak (melded)
 k - a +0 plate armour (melded)
 l - a +0 helmet (melded)
 m - a +0 pair of gloves (melded)
 t - the +0 robe of Grace {rC+ Archmagi}
   (You found it on level 7 of the Dungeon)

   rC+:       It protects you from cold.
   Archmagi:  It increases the power of your magical spells.
 F - a +0 leather armour of fire resistance
Talismans
 d - a granite talisman
 w - a serpent talisman
 y - a maw talisman
 A - a flux talisman
Wands
 s - a wand of polymorph (6)
 I - a wand of acid (2)
Scrolls
 p - 3 scrolls of immolation
 q - 5 scrolls of teleportation
 u - 2 scrolls of vulnerability
 x - a scroll of revelation
 B - 4 scrolls of poison
 G - a scroll of identify
Potions
 g - 2 potions of invisibility
 h - 3 potions of attraction
 i - a potion of resistance
 o - 2 potions of brilliance
 z - 2 potions of mutation


   Skills:
 * Level 6.6 Fighting
 * Level 10.5(10.8) Axes
 + Level 3.5(7.1) Maces & Flails
 * Level 7.2 Armour
 * Level 4.6 Dodging
 + Level 0.2 Stealth
 + Level 2.8 Shields
 * Level 4.7 Evocations


You had 9 spell levels left.
You didn't know any spells.
Your spell library contained the following spells:

 Spells                   Type           Power      Damage    Failure   Level
 Magic Dart               Conj           0%         1d3       41%         1
 Slow                     Hex            0%         N/A       41%         1
 Blink                    Tloc           0%         N/A       54%         2
 Call Imp                 Summ           0%         N/A       54%         2
 Lesser Beckoning         Tloc           0%         N/A       54%         2
 Confusing Touch          Hex            0%         N/A       78%         3
 Frozen Ramparts          Ice            0%         1d1       78%         3
 Maxwell's Portable Pile  Tloc           0%         2d(5-13)  78%         3
 Ozocubu's Armour         Ice            0%         N/A       78%         3
 Teleport Other           Tloc           0%         N/A       78%         3
 Vampiric Draining        Necr           0%         2d6       78%         3
 Metabolic Englaciation   Hex/Ice        0%         N/A       100%        5


Dungeon Overview and Level Annotations

Branches:
Dungeon (9/15)             Temple (1/1) D:4         Ossuary (visited)
   Lair: D:8-11         Orc: D:9-12

Altars:
Ashenzari
Cheibriados
Dithmenos
Elyvilon
Fedhas
Gozag
Hepliaklqana
Kikubaaqudgha
Makhleb
Nemelex Xobeh
Okawaru
Qazlal
Ru
Sif Muna
Trog
Uskayaw
Vehumet
Wu Jian
Xom
Yredelemnul
Zin
The Shining One

Shops:
D:1 [   D:5 ?[?   D:8 :

Annotations:
D:7 1 runed translucent door, GiantSquids's ghost, novice OpSh


Innate Abilities, Weirdness & Mutations

You are a tree.
Your roots penetrate the ground, keeping you stationary.
You cannot be teleported.
You are immune to unholy pain and torment.
Your maximum health is greatly increased.
Your equipment is partially melded.
You can wield a second weapon in your off-hand.
It takes a long time for you to wield or remove held weapons.
Your first few attacks do less damage.
You cannot equip rings or amulets.


Message History

You sock the wyvern with your +2 flail! The wyvern completely misses you.
The wyvern bites you!
* * * LOW HITPOINT WARNING * * *
You feel better. The wyvern bites you.
* * * LOW HITPOINT WARNING * * *
Okay, then.
The wyvern bites you!
* * * LOW HITPOINT WARNING * * *
Okay, then.
Okay, then.
Okay, then.
Okay, then.
You turn into a tree.
Your +1 cloak melds into your body.
Your +0 helmet melds into your body.
Your +0 pair of gloves melds into your body.
Your +0 pair of boots melds into your body.
Your +0 plate armour melds into your body.
Your roots penetrate the ground.
The wyvern bites you but does no damage.
Unknown command.
Unknown command.
Unknown command.
You thump the wyvern with your +2 flail!
You kill the wyvern!
The Council accepts your kill.
You hit the yak with your +1 war axe. The yak gores you.
* * * LOW HITPOINT WARNING * * *
Unknown command.
Unknown command.
Unknown command.
Unknown command.
Unknown command.
Unknown command.
Unknown command.
Okay, then.
You sock the yak with your +2 flail!
The yak is moderately wounded.
You slice the yak with your +1 war axe!!
The yak gores you!
You die...

.....#
###..####+#######'#####)[
...### #...## #.....###.'
.########.#.###
##..)).##..
.......##.#.#.##
##.....#)#
.......##.#.#..##
##....#.)
.......##...'...##
##...+..
.......##...#)...####+###
##..#..
........#...#.....#.....#
##.#.<
............##..♣†#..?..#
###..
.......##<..###..Y).?.$.+
#.. ###########.#
##..#..[..# #.. ....##
#.# ##.#.....# #). ###O.#
#.# #####+### #.# ##.#
+.# ####†### #.. .......#
#.. .......+ #..


You could see a yak.

Vanquished Creatures
  A two-headed ogre (D:9)
  Grinder (D:6)
  A troll (D:8)
  Sigmund (D:5)
  A wyvern (D:9)
  6 yaks (D:9)
  2 orc warriors (D:9)
  A sky beast (D:7)
  3 ice beasts
  2 centaurs
  6 kobold brigands
  3 elf zombies (Ossuary)
  A gnoll sergeant (D:9)
  A bullfrog (D:8)
  2 scorpions (D:5)
  4 wights (D:7)
  9 killer bees
  2 electric eels (D:6)
  4 howler monkeys
  2 bombardier beetles (D:4)
  3 hounds (D:6)
  2 orc priests (D:8)
  2 gnoll boudas
  2 iguanas
  4 orc wizards
  4 mummies (Ossuary)
  8 gnolls
  9 adders
  A shadow imp (D:6)
  A white imp (D:7)
  4 ufetubi
  An adder zombie (Ossuary)
  2 dart slugs
  4 ribbon worms
  23 orcs
  7 bats
  4 endoplasms
  4 giant cockroaches
  2 gnoll zombies (Ossuary)
  8 goblins
  7 hobgoblins
  3 jackals (D:5)
  3 quokkas
  8 ball pythons
  4 frilled lizards
  2 goblin zombies (Ossuary)
  25 kobolds
  A kobold zombie (Ossuary)
  7 rats
  3 rat zombies (Ossuary)
211 creatures vanquished.

Notes
Turn   | Place    | Note
-------+----------+-------------------------------------------
     0 | D:1      | Dylgear the Coglin Fighter began the quest for the Orb.
     0 | D:1      | Reached XP level 1. HP: 18/18 MP: 1/1
   253 | D:1      | Reached XP level 2. HP: 24/24 MP: 2/2
   367 | D:1      | Found Gyugixat's Antique Armour Emporium.
  1088 | D:2      | Reached XP level 3. HP: 29/29 MP: 3/3
  1549 | D:2      | Reached XP level 4. HP: 36/36 MP: 4/4
  1906 | D:3      | Reached skill level 3 in Axes
  2268 | D:3      | Reached skill level 1 in Dodging
  2268 | D:3      | Reached XP level 5. HP: 37/42 MP: 5/5
  2521 | D:3      | Found a faded altar of an unknown god.
  2928 | D:4      | Reached skill level 4 in Axes
  3089 | D:4      | Found a sparkling altar of Nemelex Xobeh.
  3199 | D:4      | Reached XP level 6. HP: 10/48 MP: 6/6
  3509 | D:4      | Found a staircase to the Ecumenical Temple.
  3519 | Temple   | Entered the Ecumenical Temple
  3539 | Temple   | Became a worshipper of the Wu Jian Council
  3721 | D:5      | Entered Level 5 of the Dungeon
  3721 | D:5      | Noticed an ice beast
  3744 | D:5      | Killed an ice beast
  3854 | D:4      | Reached skill level 5 in Axes
  4149 | D:5      | Reached XP level 7. HP: 54/54 MP: 7/7
  4177 | D:5      | HP: 2/54 [gnoll bouda/+0 whip (6)]
  4558 | D:5      | Found a sacrificial altar of Ru.
  4564 | D:5      | Noticed Sigmund
  4579 | D:5      | Killed Sigmund
  4771 | D:5      | Found Quwacu's Magic Scroll Shop.
  4773 | D:5      | Found Roesyidej's Antique Armour Boutique.
  4775 | D:5      | Found Ongidimo's Magic Scroll Shop.
  4895 | D:5      | Bought a scroll of identify for 30 gold pieces
  4895 | D:5      | Bought a scroll of revelation for 112 gold pieces
  4899 | D:5      | Bought a scroll of identify for 28 gold pieces
  4899 | D:5      | Bought a scroll of identify for 28 gold pieces
  5088 | D:6      | Reached * piety under Wu Jian
  5090 | D:6      | Noticed Grinder
  5094 | D:6      | Paralysed by Grinder for 2 turns
  5103 | D:6      | Reached skill level 6 in Axes
  5112 | D:6      | Paralysed by Grinder for 4 turns
  5117 | D:6      | Paralysed by Grinder for 3 turns
  5134 | D:6      | Killed Grinder
  5135 | D:6      | Reached skill level 5 in Armour
  5135 | D:6      | Reached XP level 8. HP: 51/61 MP: 8/8
  5187 | D:6      | Found a sand-covered staircase.
  5192 | Ossuary  | Entered an ossuary
  5298 | Ossuary  | Reached skill level 7 in Axes
  6493 | D:6      | Reached skill level 5 in Fighting
  7675 | D:7      | Reached skill level 1 in Evocations
  7675 | D:7      | Reached XP level 9. HP: 62/68 MP: 9/9
  7876 | D:7      | Identified the +0 robe of Grace {rC+ Archmagi}
  7898 | D:7      | Found a runed translucent door.
  7898 | D:7      | Found a shimmering altar of Xom.
  7898 | D:7      | Noticed GiantSquids's ghost (novice OpSh)
  7899 | D:7      | Noticed a +0 scimitar of chaos
  8601 | D:7      | Reached ** piety under Wu Jian
  8781 | D:8      | Reached skill level 8 in Axes
  8788 | D:8      | Reached skill level 1 in Maces & Flails
  9115 | D:8      | Noticed a troll
  9128 | D:8      | Killed a troll
  9277 | D:8      | Identified a scroll of acquirement
  9277 | D:8      | Acquired a manual of Axes
  9281 | D:8      | Found Ofrees's Self-Improvement Boutique.
  9924 | D:8      | Reached XP level 10. HP: 25/76 MP: 10/10
 10200 | D:9      | Reached skill level 9 in Axes
 10291 | D:9      | Noticed a two-headed ogre
 10516 | D:9      | Reached *** piety under Wu Jian
 10533 | D:9      | Killed a two-headed ogre
 10534 | D:9      | Reached skill level 10 in Axes
 10716 | D:9      | HP: 2/115 [yak (5)]
 10717 | D:9      | Mangled by a yak

Illustrated notes

Levels and vault maps discovered:
D:1:      dpeg_arrival_lava_temple_mockup, layout_basic, serial_shops,
          nicolae_shop_peninsula, nicolae_eternal_life, nrook_mini_vaults,
          chequers_serial_rivers_small_3, minmay_distorted
D:2:      minmay_skewed_foursquare, layout_basic, kennysheep_big_empty_room
D:3:      layout_loops_ring, serial_bayou, serial_bayou_ford_a,
          serial_bayou_crossing, serial_bayou_shore_b, serial_bayou_pond_b,
          hellmonk_ecumenical_altar_heavens_door, minmay_goblin_kobold_house
D:4:      layout_rooms, nemelex_altar_shiori, minmay_temple_entry_water_ring
D:5:      layout_loops_cross, mainiacjoe_overflow_alcove_4,
          nicolae_wooded_promenade, uniq_sigmund
D:6:      layout_basic, enter_ossuary_2, nicolae_zen_rock_garden,
          grunt_ministairs_6, chequers_serial_rivers_micro_d, minivault_24,
          minivault_14, uniq_grinder
D:7:      layout_loops_ring, ebering_ghost_xom
D:8:      layout_basic, nicolae_shop_self_help
D:9:      layout_roguey, minmay_quadrilaterals
Temple:   nicolae_temple_slightly_damp_pantheon

Skill      XL: |  1  2  3  4  5  6  7  8  9 10 |
---------------+-------------------------------+-----
Armour         | 3 5 6 7 |  7.2
Axes           | 3 4 5 6 7 8 10 | 10.5
Dodging        | 1 2 3 4 |  4.6
Fighting       | 4 5 6 |  6.6
Evocations     | 1 3 4 |  4.7
Maces & Flails | 2 3 |  3.5
Stealth        | |  0.2
Shields        | |  2.8

Action                     |  1- 3 |  4- 6 |  7- 9 | 10-12 || total
---------------------------+-------+-------+-------+-------++-------
  Melee: War axe           |    76 |   171 |   342 |    63 ||   652
         Flail             |       |       |   121 |    64 ||   185
Ability: Lunge             |       |     1 |    23 |     4 ||    28
         Whirlwind         |       |       |    22 |     3 ||    25
         Wall Jump         |       |       |     2 |       ||     2
    Use: Scroll            |       |     6 |    18 |     1 ||    25
         Potion            |       |       |     8 |     5 ||    13
 Armour: Scale mail        |    53 |    50 |       |       ||   103
         Chain mail        |       |    75 |   216 |       ||   291
         Plate armour      |       |       |   250 |    73 ||   323
         Skin              |       |       |       |     3 ||     3
  Dodge: Dodged            |    30 |    79 |   145 |    21 ||   275
  Block: Buckler           |    19 |    36 |    73 |       ||   128

Table legend: (Time is in decaauts)
 A = Elapsed time spent in this place.
 B = Non-inter-level travel time spent in this place.
 C = Inter-level travel time spent in this place.
 D = Time resting spent in this place.
 E = Time spent auto-exploring this place.
 F = Levels seen in this place.
 G = Mean time per level.
                   A        B        C        D        E       F      G
               +--------+--------+--------+--------+--------+-----+--------+
         Total |  10919 |  10155 |    764 |   2799 |   4688 |  11 |  992.6 |
       Dungeon |  10462 |   9717 |    745 |   2629 |   4688 |   9 | 1162.4 |
        Temple |     39 |     20 |     19 |      0 |      0 |   1 |   39.0 |
       Ossuary |    417 |    417 |      0 |    170 |      0 |   1 |  417.0 |
               +--------+--------+--------+--------+--------+-----+--------+

Top non-repeatable levels by time:
     D:6: 2071 daAuts
     D:7: 1391 daAuts
     D:8: 1217 daAuts
     D:3: 1121 daAuts
     D:4: 1079 daAuts
     D:2: 1053 daAuts
     D:1: 968 daAuts
     D:5: 960 daAuts
     D:9: 598 daAuts
 Ossuary: 417 daAuts
  Temple: 39 daAuts
